AoeStats
← Juyhou

Arena

508281557Analyzed
4v4 RM · 11d ago on Sep 21, 2026· 106m 39s· 8 players
Game mode
Random Map
Map size
Large (8 player)
Population
200
Speed
Normal
Resources
Standard
Victory
Conquest
Starting age
Dark Age
Ending age
Imperial Age
RankedLock teamsTeams togetherTeam positionsShared explorationLock speedFull tech treeHidden civsTurbo modeCheats
Victory
Defeat
🇫🇮 Muisca · Finland
1774
+13
🇫🇮 Magyars · Finland
1680
+17
🇫🇮 Saracens · Finland
1660
+18
🇫🇮 Huns · Finland
1647
+19
🇮🇹 Burgundians · Italy
1747
-18
🇮🇹 Britons · Italy
1710
-17
🇮🇹 Tupi · Italy
1694
-16
🇮🇹 Armenians · Italy
1689
-16
Juyhou
10:26 Feudal Age
14:38 Castle Age
12:30 Horse Collar
13:00 Double-Bit Axe
13:24 Champi Runner
16:07 Bow Saw
16:23 Champi Warrior
17:55 Scale Mail Armor
20:17 Chain Mail Armor
20:04 Squires
21:25 Forging
25:31 Wheelbarrow
25:52 Heavy Plow
26:38 Gold Mining
27:34 Hand Cart
29:43 Gold Shaft Mining
29:35 Loom
32:21 Imperial Age
30:10 Fletching
30:42 Ballistics
30:25 Town Watch
30:29 Crossbowman
31:06 Bodkin Arrow
32:49 Thumb Ring
33:02 Bracer
34:04 Chemistry
32:25 Arbalester
33:53 Padded Archer Armor
36:27 Leather Archer Armor
39:16 Coinage
40:06 Conscription
40:07 Herbalism
41:06 Crop Rotation
41:38 Two-Man Saw
40:29 Stone Mining
41:20 Banking
44:09 Iron Casting
44:04 Plate Mail Armor
43:16 Capped Ram
44:39 Elite Champi Warrior
47:13 Elite Skirmisher
51:56 Hoardings
62:51 Siege Engineers
63:59 Elite Guecha Warrior
69:23 Onager
73:00 Elite Temple Guard
74:42 Siege Onager
87:43 Town Patrol
87:54 Masonry
87:24 Treadmill Crane
87:51 Huaracas
Pahvi0
9:56 Feudal Age
11:18 Loom
14:11 Castle Age
12:35 Double-Bit Axe
12:55 Horse Collar
13:33 Gold Mining
16:38 Bow Saw
21:35 Heavy Plow
23:10 Stone Mining
24:04 Wheelbarrow
25:47 Hand Cart
29:25 Imperial Age
27:51 Gold Shaft Mining
27:41 Scale Barding Armor
28:21 Forging
28:44 Chain Barding Armor
28:22 Town Watch
28:51 Bloodlines
28:41 Husbandry
29:47 Iron Casting
30:44 Plate Barding Armor
29:54 Cavalier
30:31 Capped Ram
32:18 Blast Furnace
32:58 Chemistry
32:42 Fletching
33:49 Ballistics
33:15 Paladin
34:27 Siege Ram
36:03 Masonry
36:18 Conscription
38:24 Caravan
38:38 Light Cavalry
39:27 Bodkin Arrow
44:26 Hussar
46:26 Murder Holes
51:56 Two-Man Saw
51:12 Bracer
51:14 Padded Archer Armor
53:28 Leather Archer Armor
53:20 Thumb Ring
55:17 Town Patrol
55:45 Parthian Tactics
70:15 Guilds
78:40 Atheism
93:28 Coinage
99:55 Heavy Cavalry Archer
30Markus
11:18 Feudal Age
15:06 Castle Age
13:14 Horse Collar
13:49 Double-Bit Axe
15:07 Light Cavalry
17:28 Bow Saw
20:37 Loom
23:28 Wheelbarrow
24:01 Gold Mining
29:54 Imperial Age
28:49 Hand Cart
29:02 Town Watch
29:41 Fletching
29:51 Padded Archer Armor
30:41 Thumb Ring
30:37 Bodkin Arrow
31:04 Crossbowman
32:13 Ballistics
32:01 Bracer
32:04 Arbalester
34:42 Chemistry
35:18 Onager
36:36 Siege Engineers
37:56 Siege Onager
41:09 Conscription
41:02 Counterweights
44:17 Heresy
49:22 Leather Archer Armor
52:35 Two-Man Saw
54:47 Caravan
58:26 Siege Onager
64:03 Elite Skirmisher
71:21 Ring Archer Armor
70:52 Scale Mail Armor
70:57 Scale Barding Armor
71:05 Forging
73:45 Masonry
78:09 Heavy Plow
81:10 Chain Barding Armor
81:26 Iron Casting
84:30 Elite Mameluke
85:52 Plate Barding Armor
86:18 Blast Furnace
89:34 Husbandry
89:44 Bloodlines
Morso
10:49 Feudal Age
13:18 Double-Bit Axe
13:25 Loom
16:04 Castle Age
14:02 Horse Collar
14:31 Gold Mining
15:32 Bloodlines
20:12 Husbandry
22:46 Scale Barding Armor
24:03 Wheelbarrow
24:56 Stone Mining
26:48 Chain Barding Armor
27:56 Bow Saw
28:20 Hand Cart
28:45 Light Cavalry
31:19 Fletching
34:22 Imperial Age
32:49 Bodkin Arrow
34:48 Cavalier
35:08 Cavalier
41:37 Conscription
43:40 Heavy Plow
43:15 Hussar
45:34 Plate Barding Armor
46:01 Paladin
47:06 Scale Mail Armor
47:11 Bracer
47:52 Town Watch
51:09 Caravan
53:24 Masonry
53:48 Treadmill Crane
55:33 Two-Man Saw
55:08 Crop Rotation
58:11 Scale Mail Armor
59:17 Corvinian Army
62:14 Padded Archer Armor
73:41 Siege Engineers
83:02 Leather Archer Armor
82:40 Heavy Cavalry Archer
83:45 Parthian Tactics
85:04 Thumb Ring
85:05 Recurve Bow
86:57 Ring Archer Armor
88:32 Chemistry
94:43 Ballistics
95:24 Chemistry
106:27 Hoardings
Dott_Berlu
10:49 Feudal Age
12:05 Double-Bit Axe
14:33 Castle Age
13:04 Horse Collar
15:33 Bow Saw
16:56 Loom
18:35 Fortified Wall
23:04 Wheelbarrow
22:30 Town Watch
29:54 Imperial Age
29:19 Gold Mining
29:20 Stone Mining
28:52 Pikeman
29:33 Squires
29:59 Scale Mail Armor
30:05 Halberdier
31:19 Chain Mail Armor
31:16 Forging
32:40 Two-Man Saw
32:40 Plate Mail Armor
32:03 Fletching
32:56 Gold Shaft Mining
34:21 Iron Casting
36:36 Blast Furnace
35:33 Bodkin Arrow
51:24 Heavy Plow
52:19 Caravan
58:50 Hand Cart
58:27 Capped Ram
60:14 Light Cavalry
60:54 Husbandry
62:29 Scale Barding Armor
62:26 Bracer
62:26 Padded Archer Armor
64:00 Chain Barding Armor
65:23 Plate Barding Armor
66:06 Conscription
68:35 Cavalier
83:23 Onager
84:35 Man-at-Arms
85:00 Gambesons
86:18 Long Swordsman
89:14 Two-Handed Swordsman
94:31 Siege Engineers
96:22 Chemistry
99:02 Champion
Nheltarion
11:51 Feudal Age
15:24 Castle Age
13:49 Double-Bit Axe
13:48 Horse Collar
14:40 Gold Mining
15:24 Fletching
17:00 Bodkin Arrow
22:36 Bow Saw
33:59 Imperial Age
31:15 Loom
32:32 Wheelbarrow
32:03 Padded Archer Armor
32:20 Heavy Plow
32:12 Stone Mining
33:53 Hand Cart
34:17 Ballistics
34:43 Bracer
36:04 Chemistry
35:59 Curare
36:28 Conscription
36:34 Elite Blackwood Archer
37:40 Leather Archer Armor
38:54 Ring Archer Armor
39:02 Hoardings
51:07 Caravan
51:16 Murder Holes
55:22 Two-Man Saw
54:59 Gold Shaft Mining
70:34 Coinage
76:04 Capped Ram
77:41 Siege Ram
97:19 Banking
102:38 Scale Mail Armor
102:49 Forging
103:20 Caciques
103:34 Chain Mail Armor
103:02 Champi Runner
103:43 Squires
103:29 Arson
103:05 Elite Ibirapema Warrior
103:36 Champi Warrior
106:28 Plate Mail Armor
106:34 Iron Casting
105:34 Elite Champi Warrior
Cagata Sonante
6:50 Double-Bit Axe
6:58 Horse Collar
11:06 Feudal Age
15:22 Castle Age
13:52 Heavy Plow
14:21 Bow Saw
15:39 Wheelbarrow
15:55 Wheelbarrow
17:49 Loom
27:04 Hand Cart
26:51 Gold Mining
32:47 Imperial Age
31:18 Padded Archer Armor
31:41 Stone Mining
32:22 Leather Archer Armor
34:28 Chemistry
33:50 Conscription
33:41 Burgundian Vineyards
34:52 Scale Barding Armor
34:58 Forging
36:34 Masonry
36:46 Ballistics
38:00 Elite Skirmisher
39:09 Onager
40:25 Architecture
40:44 Fortified Wall
40:45 Scale Mail Armor
41:21 Iron Casting
42:29 Murder Holes
52:44 Squires
52:19 Pikeman
53:17 Chain Mail Armor
54:47 Caravan
55:40 Hoardings
56:58 Plate Mail Armor
58:26 Blast Furnace
69:03 Fletching
69:39 Bodkin Arrow
70:35 Coinage
70:51 Bracer
73:45 Chain Barding Armor
74:12 Light Cavalry
74:53 Husbandry
75:41 Plate Barding Armor
74:54 Hussar
75:58 Cavalier
78:46 Paladin
GdR_Scugo
10:23 Feudal Age
11:45 Double-Bit Axe
14:23 Castle Age
12:20 Double-Bit Axe
12:32 Horse Collar
16:51 Bow Saw
17:34 Wheelbarrow
20:46 Stone Mining
21:39 Sanctity
22:48 Redemption
28:47 Imperial Age
26:47 Scale Mail Armor
27:42 Hand Cart
27:12 Loom
27:18 Pikeman
27:59 Squires
28:15 Heavy Plow
28:27 Halberdier
29:08 Squires
29:54 Capped Ram
31:12 Conscription
30:56 Gambesons
31:33 Siege Ram
33:05 Chain Mail Armor
32:59 Man-at-Arms
34:11 Fereters
34:38 Plate Mail Armor
34:03 Long Swordsman
34:41 Two-Handed Swordsman
35:29 Champion
36:50 Arson
38:20 Block Printing
38:33 Caravan
39:37 Theocracy
41:46 Forging
43:53 Iron Casting
47:57 Blast Furnace
52:35 Hoardings
52:11 Masonry
52:02 Fletching
52:40 Bodkin Arrow
53:06 Ballistics
53:47 Chemistry
52:12 Elite Composite Bowman
53:23 Bracer
53:33 Padded Archer Armor
54:26 Gold Mining
55:00 Leather Archer Armor
61:23 Ring Archer Armor
82:03 Ballistics
82:44 Chemistry
83:54 Coinage
Connection lost

Rejoining the realm…

Still unreachable

The connection could not be restored.

Session expired

The server has moved on; the page needs a fresh start.